[ AOE2 MATCH · #464371518 ]
UnrankedDravidians vs Romans
[ REPLAY ANALYSIS · EXTRACTED FROM THE RECORDED GAME ]
Feudal
11:28
Castle
15:15
Imperial
29:31
| APM avg | 19.0 |
| APM peak | 40 |
| eAPM avg | 13.9 |
| Villagers / military | 131 / 364 |
Focus
⚔️ 45.9% · 🌾 54.1%
Militia ×167 · Urumi Swordsman ×117 · Elephant Archer ×60 · Trade Cart ×30 · Trebuchet (Packed) ×11 · Spearman ×8
Feudal
11:36
Castle
15:17
Imperial
31:24
| APM avg | 35.6 |
| APM peak | 85 |
| eAPM avg | 18.2 |
| Villagers / military | 151 / 786 |
Focus
⚔️ 47.9% · 🌾 52.1%
Spearman ×483 · Militia ×234 · Scorpion ×30 · Battering Ram ×25 · Centurion ×14 · Trade Cart ×11
Feudal
11:31
Castle
16:17
Imperial
30:53
| APM avg | 26.2 |
| APM peak | 56 |
| eAPM avg | 13.8 |
| Villagers / military | 121 / 321 |
Focus
⚔️ 31.2% · 🌾 68.8%
Knight ×210 · Archer ×105 · Trade Cart ×28 · Trebuchet (Packed) ×5 · Camel Scout ×1
Feudal
10:39
Castle
15:10
Imperial
32:26
| APM avg | 32.3 |
| APM peak | 82 |
| eAPM avg | 18.3 |
| Villagers / military | 126 / 387 |
Focus
⚔️ 36.3% · 🌾 63.7%
Spearman ×239 · Hussite Wagon ×76 · Hand Cannoneer ×54 · Trade Cart ×25 · Bombard Cannon ×12 · Skirmisher ×5
Feudal
11:16
Castle
15:01
Imperial
30:28
| APM avg | 32.5 |
| APM peak | 69 |
| eAPM avg | 18.2 |
| Villagers / military | 159 / 147 |
Focus
⚔️ 29.2% · 🌾 70.8%
Hand Cannoneer ×88 · Mameluke ×34 · Skirmisher ×10 · Trade Cart ×8 · Archer ×6 · Bombard Cannon ×4
Feudal
10:32
Castle
14:05
Imperial
28:50
| APM avg | 33.8 |
| APM peak | 76 |
| eAPM avg | 22.5 |
| Villagers / military | 194 / 476 |
Focus
⚔️ 42.9% · 🌾 57.1%
Eagle Scout ×183 · Jaguar Warrior ×116 · Skirmisher ×105 · Monk ×24 · Battering Ram ×24 · Trade Cart ×18
Match map
Initial resources + every placement click. Lines = walls · curves = elevation contours. ◆ gold · ⬟ stone · ● berries · ✦ relic · ◌ wall gap
Your base· ✓ Closed at 15:15 · 0t walls · 2 gate(s)
Ahmad Kalashnikov's base· ✓ Closed at 15:17 · 0t walls · 4 gate(s)
Fr4ggi's base· ✓ Closed at 16:17 · 0t walls · 3 gate(s)
Kordon's base· ✓ Closed at 15:10 · 0t walls · 2 gate(s)
Mylo the Bomber's base· ✓ Closed at 15:01 · 0t walls · 2 gate(s)
Quando's base· ✓ Closed at 14:05 · 1t walls · 2 gate(s)
Smoothed initial terrain · ◌ = detected wall gap · hover for details
Inputs per minute
— Relief - - Ahmad Kalashnikov
Build order — Relief
First 150 of 610 actions detected
| 0:04 | Queue | Villager (Male) |
| 0:04 | Queue | Villager (Male) |
| 0:08 | Build | House |
| 0:11 | Build | House |
| 0:20 | Queue | Villager (Male) |
| 0:20 | Queue | Villager (Male) |
| 1:33 | Queue | Villager (Male) |
| 1:57 | Queue | Villager (Male) |
| 2:09 | Build | Lumber Camp |
| 2:25 | Queue | Villager (Male) |
| 2:57 | Queue | Villager (Male) |
| 3:09 | Queue | Villager (Male) |
| 3:39 | Queue | Villager (Male) |
| 3:48 | Queue | Villager (Male) |
| 4:03 | Build | House |
| 4:04 | Build | House |
| 4:17 | Build | Mill |
| 4:24 | Queue | Villager (Male) |
| 4:56 | Queue | Villager (Male) |
| 5:25 | Queue | Villager (Male) |
| 5:55 | Queue | Villager (Male) |
| 5:56 | Queue | Villager (Male) |
| 6:14 | Build | Farm |
| 6:15 | Build | Farm |
| 6:16 | Queue | Villager (Male) |
| 6:17 | Queue | Villager (Male) |
| 6:25 | Build | Farm |
| 6:27 | Queue | Villager (Male) |
| 7:13 | Build | House |
| 7:26 | Queue | Villager (Male) |
| 7:39 | Build | Mining Camp |
| 8:09 | Queue | Villager (Male) |
| 8:10 | Queue | Villager (Male) |
| 8:29 | Queue | Villager (Male) |
| 9:00 | Build | Mining Camp |
| 9:18 | Research | Feudal Age |
| 10:30 | Queue | Villager (Male) |
| 10:31 | Queue | Villager (Male) |
| 11:28 | Age | Feudal Age |
| 11:33 | Build | Market |
| 11:40 | Build | Blacksmith |
| 12:35 | Research | Castle Age |
| 12:41 | Build | House |
| 12:49 | Research | Double-Bit Axe |
| 13:14 | Research | Horse Collar |
| 14:05 | Queue | Villager (Male) |
| 15:15 | Age | Castle Age |
| 15:25 | Build | Town Center |
| 15:28 | Queue | Villager (Male) |
| 15:37 | Build | Town Center |
| 15:41 | Queue | Villager (Male) |
| 15:42 | Queue | Villager (Male) |
| 15:47 | Research | Bow Saw |
| 15:51 | Research | Heavy Plow |
| 16:06 | Research | Loom |
| 16:33 | Build | Farm |
| 16:45 | Queue | Villager (Male) |
| 16:55 | Build | Farm |
| 16:59 | Build | Farm |
| 17:02 | Build | Farm |
| 17:06 | Build | Farm |
| 17:20 | Queue | Villager (Male) |
| 17:27 | Build | Farm |
| 17:29 | Build | Farm |
| 17:37 | Queue | Villager (Male) |
| 17:43 | Build | Farm |
| 17:50 | Queue | Villager (Male) |
| 17:57 | Build | Farm |
| 17:59 | Queue | Villager (Male) |
| 18:02 | Queue | Villager (Male) |
| 18:08 | Build | Farm |
| 18:24 | Queue | Villager (Male) |
| 18:31 | Build | Farm |
| 18:34 | Queue | Villager (Male) |
| 18:39 | Build | Farm |
| 18:43 | Queue | Villager (Male) |
| 18:50 | Queue | Villager (Male) |
| 19:01 | Build | Farm |
| 19:05 | Build | Farm |
| 19:06 | Queue | Villager (Male) |
| 19:07 | Queue | Villager (Male) |
| 19:20 | Build | House |
| 19:31 | Build | Castle |
| 19:33 | Queue | Villager (Male) |
| 19:36 | Build | House |
| 19:37 | Build | House |
| 19:39 | Build | House |
| 19:49 | Queue | Villager (Male) |
| 20:00 | Queue | Villager (Male) |
| 20:07 | Build | Monastery |
| 20:08 | Queue | Villager (Male) |
| 20:10 | Queue | Villager (Male) |
| 20:10 | Queue | Villager (Male) |
| 20:36 | Build | Farm |
| 20:37 | Queue | Villager (Male) |
| 20:38 | Queue | Villager (Male) |
| 20:47 | Queue | Monk |
| 20:50 | Build | Farm |
| 20:53 | Build | Farm |
| 20:54 | Queue | Villager (Male) |
| 21:04 | Queue | Villager (Male) |
| 21:05 | Queue | Villager (Male) |
| 21:11 | Build | Farm |
| 21:14 | Build | House |
| 21:17 | Queue | Villager (Male) |
| 21:18 | Queue | Villager (Male) |
| 21:18 | Queue | Villager (Male) |
| 21:21 | Queue | Urumi Swordsman |
| 21:35 | Queue | Villager (Male) |
| 21:38 | Build | Farm |
| 21:49 | Build | Farm |
| 22:01 | Build | Farm |
| 22:08 | Build | Farm |
| 22:10 | Queue | Villager (Male) |
| 22:13 | Build | House |
| 22:23 | Queue | Villager (Male) |
| 22:29 | Queue | Villager (Male) |
| 22:30 | Queue | Urumi Swordsman |
| 22:31 | Queue | Urumi Swordsman |
| 22:40 | Build | Farm |
| 22:46 | Build | Farm |
| 22:47 | Queue | Villager (Male) |
| 22:47 | Queue | Villager (Male) |
| 22:51 | Build | Farm |
| 22:53 | Queue | Villager (Male) |
| 23:02 | Build | Farm |
| 23:05 | Build | Farm |
| 23:08 | Build | Farm |
| 23:11 | Build | House |
| 23:13 | Build | House |
| 23:32 | Queue | Villager (Male) |
| 23:38 | Queue | Villager (Male) |
| 23:47 | Build | House |
| 23:49 | Build | House |
| 23:54 | Queue | Villager (Male) |
| 23:54 | Queue | Villager (Male) |
| 23:54 | Queue | Villager (Male) |
| 24:05 | Queue | Villager (Male) |
| 24:06 | Queue | Villager (Male) |
| 24:10 | Research | Wheelbarrow |
| 24:29 | Queue | Villager (Male) |
| 24:36 | Queue | Villager (Male) |
| 24:38 | Queue | Villager (Male) |
| 24:48 | Build | Mill |
| 24:51 | Build | Farm |
| 24:51 | Build | Farm |
| 24:52 | Build | Farm |
| 24:52 | Build | Farm |
| 24:53 | Build | Farm |
| 24:53 | Build | Farm |
Build order — Ahmad Kalashnikov
First 150 of 615 actions detected
| 0:00 | Queue | Villager (Male) ×4 |
| 0:02 | Build | House |
| 0:03 | Build | House |
| 1:30 | Queue | Villager (Male) |
| 1:44 | Build | Lumber Camp |
| 1:46 | Queue | Villager (Male) |
| 2:16 | Queue | Villager (Male) |
| 2:16 | Queue | Villager (Male) |
| 2:54 | Queue | Villager (Male) |
| 3:03 | Queue | Villager (Male) |
| 3:33 | Queue | Villager (Male) |
| 3:33 | Queue | Villager (Male) |
| 3:48 | Build | House |
| 3:49 | Build | House |
| 3:58 | Queue | Villager (Male) |
| 4:07 | Build | House |
| 4:48 | Research | Loom |
| 5:05 | Queue | Villager (Male) |
| 5:05 | Queue | Villager (Male) |
| 5:06 | Queue | Villager (Male) |
| 5:25 | Build | House |
| 5:26 | Build | House |
| 5:30 | Queue | Villager (Male) |
| 6:19 | Queue | Villager (Male) |
| 6:28 | Build | House |
| 6:53 | Queue | Villager (Male) |
| 7:10 | Build | Mill |
| 7:12 | Queue | Villager (Male) |
| 7:32 | Queue | Villager (Male) |
| 7:56 | Queue | Villager (Male) |
| 8:12 | Queue | Villager (Male) |
| 8:36 | Build | Farm |
| 8:45 | Queue | Villager (Male) |
| 8:48 | Build | Farm |
| 9:02 | Build | Mining Camp |
| 9:26 | Research | Feudal Age |
| 10:36 | Build | Farm |
| 10:43 | Build | Farm |
| 11:36 | Age | Feudal Age |
| 11:37 | Queue | Villager (Male) |
| 11:37 | Queue | Villager (Male) |
| 11:44 | Build | Market |
| 11:49 | Build | Blacksmith |
| 12:37 | Research | Castle Age |
| 12:37 | Research | Castle Age |
| 12:43 | Research | Double-Bit Axe |
| 12:45 | Research | Horse Collar |
| 13:04 | Build | Palisade Gate |
| 13:06 | Build | House |
| 13:07 | Build | House |
| 14:45 | Build | House |
| 14:46 | Build | House |
| 15:09 | Queue | Villager (Male) |
| 15:09 | Queue | Villager (Male) |
| 15:17 | Age | Castle Age |
| 15:21 | Build | Town Center |
| 15:24 | Build | Town Center |
| 15:44 | Build | House |
| 15:45 | Build | House |
| 15:53 | Queue | Villager (Male) |
| 16:03 | Build | House |
| 16:04 | Build | House |
| 16:23 | Queue | Villager (Male) |
| 16:23 | Queue | Villager (Male) |
| 16:24 | Queue | Villager (Male) |
| 16:30 | Queue | Villager (Male) |
| 16:40 | Build | House |
| 16:41 | Queue | Villager (Male) |
| 16:42 | Queue | Villager (Male) |
| 16:46 | Queue | Villager (Male) |
| 16:48 | Build | Farm |
| 17:06 | Build | Town Center |
| 17:08 | Queue | Villager (Male) |
| 17:08 | Queue | Villager (Male) |
| 17:10 | Build | Farm |
| 17:12 | Build | Farm |
| 17:16 | Build | Farm |
| 17:25 | Queue | Villager (Male) |
| 17:26 | Queue | Villager (Male) |
| 17:34 | Build | Farm |
| 17:45 | Build | Farm |
| 17:49 | Queue | Villager (Male) |
| 18:01 | Build | Barracks |
| 18:07 | Build | Farm |
| 18:09 | Queue | Villager (Male) |
| 18:27 | Build | Farm |
| 18:30 | Build | Farm |
| 18:32 | Queue | Villager (Male) |
| 18:32 | Queue | Villager (Male) |
| 18:37 | Build | Farm |
| 18:51 | Queue | Spearman |
| 18:51 | Queue | Spearman |
| 19:02 | Queue | Villager (Male) |
| 19:07 | Research | Scale Mail Armor |
| 19:10 | Build | Farm |
| 19:19 | Queue | Villager (Male) |
| 19:23 | Build | Farm |
| 19:25 | Build | Farm |
| 19:27 | Build | Farm |
| 19:29 | Build | Farm |
| 19:33 | Build | Farm |
| 19:35 | Queue | Spearman |
| 19:36 | Queue | Spearman |
| 19:43 | Queue | Villager (Male) |
| 19:44 | Build | Farm |
| 19:47 | Build | Farm |
| 19:49 | Queue | Villager (Male) |
| 20:01 | Queue | Villager (Male) |
| 20:11 | Build | Farm |
| 20:12 | Queue | Villager (Male) |
| 20:14 | Build | Farm |
| 20:17 | Build | Farm |
| 20:27 | Queue | Villager (Male) |
| 20:28 | Queue | Villager (Male) |
| 20:31 | Build | Farm |
| 20:34 | Build | Farm |
| 20:37 | Build | Farm |
| 20:42 | Queue | Villager (Male) |
| 20:42 | Queue | Villager (Male) |
| 20:44 | Build | Farm |
| 20:55 | Build | Farm |
| 20:57 | Queue | Villager (Male) |
| 20:57 | Queue | Villager (Male) |
| 20:57 | Queue | Villager (Male) |
| 21:00 | Build | Farm |
| 21:12 | Build | Farm |
| 21:13 | Build | Farm |
| 21:17 | Research | Pikeman (upgrade) |
| 21:17 | Research | Pikeman (upgrade) |
| 21:24 | Build | Farm |
| 21:26 | Build | Farm |
| 21:42 | Queue | Spearman |
| 21:43 | Queue | Spearman |
| 21:56 | Research | Wheelbarrow |
| 21:57 | Research | Town Watch |
| 21:58 | Queue | Villager (Male) |
| 22:19 | Queue | Villager (Male) |
| 22:20 | Queue | Villager (Male) |
| 22:21 | Queue | Spearman |
| 22:27 | Queue | Villager (Male) |
| 22:28 | Queue | Villager (Male) |
| 22:28 | Queue | Villager (Male) |
| 22:35 | Queue | Villager (Male) |
| 22:36 | Queue | Villager (Male) |
| 22:55 | Build | Farm |
| 22:56 | Queue | Villager (Male) |
| 22:56 | Queue | Villager (Male) |
| 22:57 | Queue | Villager (Male) |
| 22:57 | Queue | Villager (Male) |
| 23:02 | Build | Farm |
Build order — Fr4ggi
First 150 of 440 actions detected
| 0:04 | Build | House |
| 0:06 | Build | House |
| 0:07 | Queue | Villager (Male) |
| 0:07 | Queue | Villager (Male) |
| 0:42 | Queue | Villager (Male) |
| 1:14 | Queue | Villager (Male) |
| 1:15 | Queue | Villager (Male) |
| 1:53 | Build | Lumber Camp |
| 2:00 | Queue | Villager (Male) |
| 2:27 | Queue | Villager (Male) |
| 2:35 | Queue | Villager (Male) |
| 3:23 | Queue | Villager (Male) |
| 3:23 | Queue | Villager (Male) |
| 4:11 | Build | House |
| 4:21 | Queue | Villager (Male) |
| 5:29 | Queue | Villager (Male) |
| 5:36 | Build | Mill |
| 5:38 | Queue | Villager (Male) |
| 5:38 | Queue | Villager (Male) |
| 6:01 | Queue | Villager (Male) |
| 6:04 | Queue | Villager (Male) |
| 6:10 | Build | House |
| 6:30 | Queue | Villager (Male) |
| 7:09 | Queue | Villager (Male) |
| 7:31 | Build | Farm |
| 7:32 | Queue | Villager (Male) |
| 7:54 | Build | Farm |
| 7:58 | Queue | Villager (Male) |
| 8:26 | Queue | Villager (Male) |
| 8:39 | Research | Feudal Age |
| 8:42 | Build | Farm |
| 9:07 | Build | Mining Camp |
| 9:10 | Queue | Villager (Male) |
| 9:47 | Build | Barracks |
| 9:49 | Build | House |
| 11:14 | Build | Farm |
| 11:18 | Build | Farm |
| 11:26 | Build | Lumber Camp |
| 11:28 | Queue | Villager (Male) |
| 11:31 | Age | Feudal Age |
| 11:57 | Queue | Villager (Male) |
| 12:12 | Build | Stable |
| 12:22 | Queue | Villager (Male) |
| 12:33 | Build | House |
| 12:57 | Queue | Villager (Male) |
| 13:06 | Build | Blacksmith |
| 13:12 | Queue | Villager (Male) |
| 13:29 | Queue | Villager (Male) |
| 13:50 | Research | Castle Age |
| 14:05 | Build | House |
| 14:06 | Build | House |
| 14:07 | Build | House |
| 14:15 | Queue | Villager (Male) |
| 14:22 | Research | Double-Bit Axe |
| 14:40 | Build | Farm |
| 14:46 | Research | Bloodlines |
| 15:01 | Research | Horse Collar |
| 15:29 | Build | Farm |
| 15:46 | Build | Farm |
| 15:48 | Queue | Villager (Male) |
| 15:57 | Build | Farm |
| 15:58 | Build | Farm |
| 15:59 | Build | Farm |
| 16:08 | Research | Scale Barding Armor |
| 16:17 | Age | Castle Age |
| 16:27 | Build | Town Center |
| 16:32 | Queue | Villager (Male) |
| 16:36 | Queue | Knight |
| 16:52 | Build | Farm |
| 17:04 | Queue | Knight |
| 17:09 | Build | Farm |
| 17:31 | Build | Farm |
| 17:33 | Queue | Villager (Male) |
| 17:34 | Queue | Villager (Male) |
| 17:59 | Queue | Villager (Male) |
| 18:02 | Queue | Villager (Male) |
| 18:07 | Build | Farm |
| 18:09 | Build | Farm |
| 18:13 | Queue | Villager (Male) |
| 18:17 | Queue | Knight |
| 18:27 | Build | Farm |
| 18:32 | Queue | Villager (Male) |
| 18:44 | Queue | Villager (Male) |
| 18:47 | Build | Farm |
| 18:57 | Build | House |
| 19:03 | Queue | Knight |
| 19:12 | Queue | Villager (Male) |
| 19:14 | Queue | Villager (Male) |
| 19:22 | Build | Farm |
| 19:30 | Build | Farm |
| 19:31 | Queue | Villager (Male) |
| 19:33 | Queue | Villager (Male) |
| 19:36 | Queue | Knight |
| 19:42 | Build | Farm |
| 19:51 | Build | House |
| 19:53 | Build | House |
| 19:58 | Queue | Knight |
| 20:12 | Build | Town Center |
| 20:16 | Queue | Villager (Male) |
| 20:17 | Queue | Villager (Male) |
| 20:54 | Queue | Villager (Male) |
| 20:54 | Queue | Villager (Male) |
| 20:57 | Queue | Villager (Male) |
| 21:02 | Research | Bow Saw |
| 21:06 | Research | Heavy Plow |
| 21:13 | Build | Farm |
| 21:21 | Queue | Villager (Male) |
| 21:30 | Build | Farm |
| 21:33 | Queue | Villager (Male) |
| 21:50 | Build | Farm |
| 21:54 | Queue | Villager (Male) |
| 22:00 | Build | Farm |
| 22:23 | Build | Mining Camp |
| 22:27 | Research | Wheelbarrow |
| 22:27 | Queue | Villager (Male) |
| 22:31 | Queue | Villager (Male) |
| 22:31 | Queue | Villager (Male) |
| 22:37 | Build | Farm |
| 22:41 | Research | Forging |
| 22:45 | Build | Farm |
| 22:46 | Queue | Villager (Male) |
| 22:50 | Queue | Villager (Male) |
| 23:05 | Build | Farm |
| 23:21 | Build | Mining Camp |
| 23:25 | Research | Chain Barding Armor |
| 23:29 | Queue | Villager (Male) |
| 23:29 | Queue | Villager (Male) |
| 23:32 | Queue | Villager (Male) |
| 23:53 | Queue | Villager (Male) |
| 23:56 | Queue | Villager (Male) |
| 23:57 | Queue | Villager (Male) |
| 24:00 | Queue | Knight |
| 24:07 | Build | Farm |
| 24:18 | Research | Gold Mining |
| 24:19 | Queue | Villager (Male) |
| 24:20 | Queue | Villager (Male) |
| 24:26 | Build | Farm |
| 24:29 | Queue | Villager (Male) |
| 24:34 | Queue | Villager (Male) |
| 24:34 | Queue | Villager (Male) |
| 24:42 | Build | Siege Workshop |
| 25:17 | Build | House |
| 25:28 | Research | Hand Cart |
| 25:29 | Queue | Villager (Male) |
| 25:35 | Build | Farm |
| 25:37 | Build | Farm |
| 25:42 | Build | Farm |
| 25:49 | Build | Farm |
| 25:50 | Build | Farm |
| 25:55 | Build | Farm |
Build order — Kordon
First 150 of 570 actions detected
| 0:01 | Queue | Villager (Male) |
| 0:01 | Queue | Villager (Male) |
| 0:02 | Build | House |
| 0:03 | Build | House |
| 0:31 | Queue | Villager (Male) |
| 0:31 | Queue | Villager (Male) |
| 1:32 | Queue | Villager (Male) |
| 1:43 | Build | Lumber Camp |
| 1:58 | Queue | Villager (Male) |
| 1:58 | Queue | Villager (Male) |
| 2:33 | Queue | Villager (Male) |
| 2:59 | Queue | Villager (Male) |
| 2:59 | Queue | Villager (Male) |
| 2:59 | Queue | Villager (Male) |
| 3:26 | Build | House |
| 3:37 | Build | House |
| 3:42 | Queue | Villager (Male) |
| 4:03 | Queue | Villager (Male) |
| 4:30 | Build | Mill |
| 4:44 | Queue | Villager (Male) |
| 4:44 | Queue | Villager (Male) |
| 5:10 | Queue | Villager (Male) |
| 5:10 | Queue | Villager (Male) |
| 5:56 | Queue | Villager (Male) |
| 6:06 | Queue | Villager (Male) |
| 6:06 | Queue | Villager (Male) |
| 6:45 | Queue | Villager (Male) |
| 7:14 | Queue | Villager (Male) |
| 7:39 | Build | Mining Camp |
| 7:48 | Queue | Villager (Male) |
| 7:58 | Queue | Villager (Male) |
| 8:25 | Research | Feudal Age |
| 9:15 | Build | House |
| 10:22 | Queue | Villager (Male) |
| 10:22 | Queue | Villager (Male) |
| 10:39 | Age | Feudal Age |
| 11:26 | Build | Market |
| 11:28 | Build | Blacksmith |
| 11:31 | Queue | Villager (Male) |
| 12:05 | Queue | Villager (Male) |
| 12:17 | Research | Castle Age |
| 12:17 | Research | Castle Age |
| 12:43 | Build | Farm |
| 12:45 | Build | Farm |
| 12:47 | Build | Farm |
| 12:49 | Build | Farm |
| 13:06 | Research | Horse Collar |
| 13:18 | Build | Farm |
| 13:21 | Build | Farm |
| 13:32 | Build | Farm |
| 13:36 | Build | Farm |
| 13:40 | Build | Farm |
| 13:46 | Build | Farm |
| 13:49 | Build | Farm |
| 14:10 | Build | House |
| 14:12 | Build | House |
| 14:32 | Queue | Villager (Male) |
| 14:32 | Queue | Villager (Male) |
| 15:10 | Age | Castle Age |
| 15:16 | Build | Town Center |
| 15:20 | Queue | Villager (Male) |
| 15:40 | Build | House |
| 16:08 | Queue | Villager (Male) |
| 16:08 | Queue | Villager (Male) |
| 16:10 | Queue | Villager (Male) |
| 16:31 | Queue | Villager (Male) |
| 16:34 | Queue | Villager (Male) |
| 16:53 | Research | Double-Bit Axe |
| 17:18 | Queue | Villager (Male) |
| 17:20 | Queue | Villager (Male) |
| 17:21 | Queue | Villager (Male) |
| 17:41 | Queue | Villager (Male) |
| 17:41 | Queue | Villager (Male) |
| 17:47 | Build | Barracks |
| 17:56 | Build | Siege Workshop |
| 18:08 | Queue | Villager (Male) |
| 18:08 | Queue | Villager (Male) |
| 18:16 | Build | Farm |
| 18:17 | Build | Farm |
| 18:19 | Build | Farm |
| 18:23 | Queue | Villager (Male) |
| 18:34 | Queue | Villager (Male) |
| 18:34 | Queue | Villager (Male) |
| 18:58 | Build | Farm |
| 19:02 | Queue | Mangonel |
| 19:16 | Queue | Villager (Male) |
| 19:16 | Queue | Villager (Male) |
| 19:43 | Queue | Villager (Male) |
| 19:43 | Queue | Villager (Male) |
| 19:57 | Build | Castle |
| 20:03 | Queue | Villager (Male) |
| 20:03 | Queue | Villager (Male) |
| 20:15 | Build | House |
| 20:16 | Build | House |
| 20:16 | Build | House |
| 20:23 | Build | House |
| 20:57 | Queue | Villager (Male) |
| 20:57 | Queue | Villager (Male) |
| 21:18 | Queue | Villager (Male) |
| 21:18 | Queue | Villager (Male) |
| 21:30 | Build | Town Center |
| 21:37 | Research | Bow Saw |
| 21:38 | Research | Heavy Plow |
| 21:41 | Queue | Hussite Wagon |
| 21:42 | Queue | Hussite Wagon |
| 21:49 | Queue | Villager (Male) |
| 21:49 | Queue | Villager (Male) |
| 21:54 | Queue | Villager (Male) |
| 21:55 | Queue | Villager (Male) |
| 22:00 | Build | House |
| 22:01 | Build | House |
| 22:20 | Queue | Villager (Male) |
| 22:20 | Queue | Villager (Male) |
| 22:37 | Queue | Villager (Male) |
| 22:37 | Queue | Villager (Male) |
| 22:38 | Queue | Villager (Male) |
| 22:40 | Queue | Villager (Male) |
| 22:41 | Queue | Villager (Male) |
| 22:42 | Queue | Villager (Male) |
| 22:59 | Queue | Villager (Male) |
| 23:00 | Queue | Villager (Male) |
| 23:11 | Queue | Villager (Male) |
| 23:12 | Queue | Villager (Male) |
| 23:33 | Build | Farm |
| 23:33 | Build | Farm |
| 23:33 | Build | Farm |
| 23:33 | Build | Farm |
| 23:33 | Build | Farm |
| 23:34 | Build | Farm |
| 23:34 | Build | Farm |
| 23:34 | Build | Farm |
| 23:34 | Build | Farm |
| 23:35 | Build | Farm |
| 23:35 | Build | Farm |
| 23:35 | Build | Farm |
| 23:35 | Build | Farm |
| 23:42 | Queue | Villager (Male) |
| 23:43 | Queue | Villager (Male) |
| 23:49 | Queue | Hussite Wagon |
| 24:20 | Build | Castle |
| 24:23 | Build | Mining Camp |
| 24:26 | Queue | Hussite Wagon |
| 24:39 | Queue | Villager (Male) |
| 24:39 | Queue | Villager (Male) |
| 24:40 | Queue | Villager (Male) |
| 24:40 | Queue | Villager (Male) |
| 24:57 | Queue | Spearman |
| 24:57 | Queue | Spearman |
| 25:06 | Build | Barracks |
| 25:08 | Queue | Villager (Male) |
Build order — Mylo the Bomber
First 150 of 508 actions detected
| 0:03 | Build | House |
| 0:04 | Build | House |
| 0:17 | Queue | Villager (Male) |
| 0:18 | Queue | Villager (Male) |
| 0:18 | Queue | Villager (Male) |
| 0:59 | Queue | Villager (Male) |
| 1:41 | Queue | Villager (Male) |
| 2:04 | Build | Lumber Camp |
| 2:09 | Queue | Villager (Male) |
| 2:38 | Queue | Villager (Male) |
| 2:54 | Build | House |
| 2:55 | Build | House |
| 2:56 | Build | House |
| 3:11 | Queue | Villager (Male) |
| 3:40 | Build | House |
| 3:43 | Queue | Villager (Male) |
| 4:28 | Queue | Villager (Male) |
| 4:52 | Queue | Villager (Male) |
| 5:15 | Queue | Villager (Male) |
| 5:45 | Queue | Villager (Male) |
| 5:45 | Queue | Villager (Male) |
| 6:15 | Queue | Villager (Male) |
| 6:16 | Queue | Villager (Male) |
| 7:21 | Queue | Villager (Male) |
| 7:30 | Build | Mill |
| 7:51 | Queue | Villager (Male) |
| 7:52 | Queue | Villager (Male) |
| 8:24 | Queue | Villager (Male) |
| 8:46 | Build | Mining Camp |
| 8:54 | Research | Feudal Age |
| 9:21 | Queue | Villager (Male) |
| 9:22 | Queue | Villager (Male) |
| 10:01 | Build | Farm |
| 11:13 | Build | Farm |
| 11:16 | Age | Feudal Age |
| 11:18 | Build | Market |
| 11:21 | Build | Blacksmith |
| 12:21 | Research | Castle Age |
| 12:31 | Build | House |
| 12:32 | Build | House |
| 13:00 | Research | Double-Bit Axe |
| 13:16 | Research | Horse Collar |
| 13:45 | Build | Farm |
| 14:46 | Queue | Villager (Male) |
| 14:46 | Queue | Villager (Male) |
| 15:01 | Age | Castle Age |
| 15:14 | Build | Town Center |
| 15:20 | Build | Town Center |
| 15:31 | Build | Farm |
| 15:32 | Build | Farm |
| 15:32 | Build | Farm |
| 15:36 | Build | Farm |
| 15:41 | Queue | Villager (Male) |
| 15:56 | Build | Farm |
| 16:36 | Build | Lumber Camp |
| 16:41 | Queue | Villager (Male) |
| 16:42 | Queue | Villager (Male) |
| 17:05 | Queue | Villager (Male) |
| 17:07 | Queue | Villager (Male) |
| 17:07 | Queue | Villager (Male) |
| 17:14 | Build | Farm |
| 17:24 | Queue | Villager (Male) |
| 17:25 | Queue | Villager (Male) |
| 17:25 | Queue | Villager (Male) |
| 17:36 | Build | House |
| 17:37 | Queue | Villager (Male) |
| 17:38 | Queue | Villager (Male) |
| 17:40 | Queue | Villager (Male) |
| 17:46 | Build | Farm |
| 18:01 | Build | Farm |
| 18:01 | Build | Farm |
| 18:03 | Queue | Villager (Male) |
| 18:09 | Build | Farm |
| 18:14 | Queue | Villager (Male) |
| 18:17 | Build | House |
| 18:21 | Build | Farm |
| 18:22 | Build | Farm |
| 18:37 | Build | Farm |
| 18:40 | Queue | Villager (Male) |
| 18:40 | Queue | Villager (Male) |
| 18:44 | Build | Farm |
| 18:44 | Build | Farm |
| 18:45 | Build | Farm |
| 18:48 | Build | House |
| 19:00 | Queue | Villager (Male) |
| 19:04 | Build | Farm |
| 19:19 | Build | House |
| 19:27 | Research | Loom |
| 19:28 | Queue | Villager (Male) |
| 19:28 | Queue | Villager (Male) |
| 19:31 | Build | Farm |
| 19:34 | Queue | Villager (Male) |
| 19:34 | Queue | Villager (Male) |
| 19:40 | Build | Barracks |
| 19:43 | Queue | Villager (Male) |
| 19:45 | Build | Farm |
| 19:59 | Queue | Villager (Male) |
| 20:05 | Build | Farm |
| 20:06 | Queue | Villager (Male) |
| 20:08 | Build | Farm |
| 20:14 | Build | Farm |
| 20:18 | Queue | Villager (Male) |
| 20:20 | Queue | Villager (Male) |
| 20:25 | Build | Farm |
| 20:28 | Queue | Villager (Male) |
| 20:33 | Queue | Villager (Male) |
| 20:42 | Build | House |
| 20:49 | Queue | Villager (Male) |
| 20:50 | Queue | Villager (Male) |
| 20:56 | Queue | Villager (Male) |
| 21:00 | Build | Farm |
| 21:03 | Queue | Villager (Male) |
| 21:13 | Queue | Spearman |
| 21:25 | Build | Stable |
| 21:28 | Queue | Villager (Male) |
| 21:28 | Queue | Villager (Male) |
| 21:28 | Queue | Villager (Male) |
| 21:35 | Research | Heavy Plow |
| 21:42 | Queue | Spearman |
| 21:49 | Queue | Villager (Male) |
| 21:49 | Queue | Villager (Male) |
| 22:03 | Research | Wheelbarrow |
| 22:16 | Queue | Villager (Male) |
| 22:20 | Build | Archery Range |
| 22:22 | Queue | Villager (Male) |
| 22:43 | Queue | Villager (Male) |
| 22:43 | Queue | Villager (Male) |
| 22:47 | Queue | Villager (Male) |
| 23:03 | Research | Bow Saw |
| 23:15 | Build | House |
| 23:20 | Research | Town Watch |
| 23:21 | Queue | Villager (Male) |
| 23:21 | Queue | Villager (Male) |
| 23:21 | Queue | Villager (Male) |
| 23:24 | Queue | Villager (Male) |
| 23:30 | Research | Stone Mining |
| 23:35 | Build | Mining Camp |
| 23:38 | Queue | Villager (Male) |
| 23:38 | Queue | Villager (Male) |
| 24:10 | Build | House |
| 24:13 | Research | Hand Cart |
| 24:13 | Queue | Villager (Male) |
| 24:17 | Queue | Villager (Male) |
| 24:26 | Build | Castle |
| 24:27 | Build | Mining Camp |
| 24:31 | Queue | Villager (Male) |
| 24:31 | Queue | Villager (Male) |
| 24:48 | Build | Town Center |
| 24:52 | Build | House |
| 25:00 | Research | Fletching |
Build order — Quando
First 150 of 563 actions detected
| 0:00 | Queue | Villager (Male) |
| 0:00 | Queue | Villager (Male) |
| 0:01 | Queue | Villager (Male) |
| 0:01 | Queue | Villager (Male) |
| 0:02 | Build | House |
| 0:03 | Build | House |
| 1:33 | Queue | Villager (Male) |
| 2:00 | Build | Lumber Camp |
| 2:05 | Queue | Villager (Male) |
| 2:05 | Queue | Villager (Male) |
| 2:33 | Queue | Villager (Male) |
| 3:20 | Queue | Villager (Male) |
| 3:41 | Queue | Villager (Male) |
| 3:48 | Queue | Villager (Male) |
| 3:51 | Build | House |
| 3:52 | Build | House |
| 4:28 | Queue | Villager (Male) |
| 5:02 | Queue | Villager (Male) |
| 5:09 | Build | Mill |
| 5:26 | Queue | Villager (Male) |
| 5:47 | Queue | Villager (Male) |
| 5:55 | Queue | Villager (Male) |
| 6:02 | Queue | Villager (Male) |
| 6:15 | Queue | Villager (Male) |
| 6:55 | Queue | Villager (Male) |
| 7:05 | Build | Farm |
| 7:12 | Build | Farm |
| 7:21 | Queue | Villager (Male) |
| 7:25 | Queue | Villager (Male) |
| 8:04 | Build | Mining Camp |
| 8:13 | Research | Feudal Age |
| 9:15 | Queue | Villager (Male) |
| 9:15 | Queue | Villager (Male) |
| 9:45 | Build | House |
| 10:32 | Age | Feudal Age |
| 10:35 | Build | Blacksmith |
| 10:38 | Build | Market |
| 11:25 | Research | Castle Age |
| 11:28 | Build | Barracks |
| 11:30 | Build | Palisade Wall |
| 12:00 | Build | House |
| 12:03 | Research | Double-Bit Axe |
| 12:46 | Queue | Villager (Male) |
| 13:03 | Queue | Spearman |
| 14:05 | Age | Castle Age |
| 14:09 | Build | Town Center |
| 14:11 | Build | Monastery |
| 14:15 | Queue | Villager (Male) |
| 14:22 | Research | Horse Collar |
| 14:26 | Build | Farm |
| 14:29 | Build | Farm |
| 14:42 | Queue | Villager (Male) |
| 14:48 | Build | House |
| 14:58 | Queue | Monk |
| 15:02 | Queue | Villager (Male) |
| 15:05 | Queue | Spearman |
| 15:16 | Queue | Villager (Male) |
| 15:33 | Build | Farm |
| 15:44 | Queue | Monk |
| 15:50 | Build | Town Center |
| 15:52 | Queue | Villager (Male) |
| 15:52 | Queue | Villager (Male) |
| 15:54 | Queue | Villager (Male) |
| 15:54 | Queue | Villager (Male) |
| 16:05 | Build | Farm |
| 16:25 | Queue | Villager (Male) |
| 16:27 | Build | Farm |
| 16:29 | Build | Farm |
| 16:30 | Build | Farm |
| 16:32 | Queue | Villager (Male) |
| 16:52 | Queue | Villager (Male) |
| 17:05 | Build | Farm |
| 17:06 | Build | Farm |
| 17:07 | Build | Farm |
| 17:12 | Queue | Villager (Male) |
| 17:16 | Build | Mining Camp |
| 17:23 | Build | Farm |
| 17:26 | Queue | Monk |
| 17:33 | Queue | Villager (Male) |
| 17:41 | Build | Farm |
| 17:43 | Build | Farm |
| 17:44 | Build | Farm |
| 17:46 | Queue | Villager (Male) |
| 17:57 | Build | Farm |
| 18:03 | Queue | Villager (Male) |
| 18:17 | Queue | Villager (Male) |
| 18:17 | Queue | Villager (Male) |
| 18:19 | Research | Fervor |
| 18:23 | Build | Farm |
| 18:24 | Build | Farm |
| 18:26 | Build | Farm |
| 18:28 | Build | Farm |
| 18:34 | Build | House |
| 18:35 | Build | House |
| 18:37 | Queue | Villager (Male) |
| 18:39 | Build | House |
| 18:46 | Queue | Villager (Male) |
| 18:49 | Research | Loom |
| 19:01 | Queue | Villager (Male) |
| 19:01 | Queue | Villager (Male) |
| 19:18 | Queue | Villager (Male) |
| 19:18 | Queue | Villager (Male) |
| 19:30 | Build | House |
| 19:31 | Build | House |
| 19:35 | Build | Farm |
| 19:36 | Build | Farm |
| 19:38 | Queue | Villager (Male) |
| 19:41 | Build | Farm |
| 19:52 | Queue | Villager (Male) |
| 19:53 | Queue | Villager (Male) |
| 19:53 | Queue | Villager (Male) |
| 19:54 | Research | Sanctity |
| 20:21 | Queue | Eagle Scout |
| 20:22 | Queue | Villager (Male) |
| 20:22 | Queue | Villager (Male) |
| 20:22 | Queue | Villager (Male) |
| 20:23 | Queue | Villager (Male) |
| 20:25 | Queue | Villager (Male) |
| 20:27 | Build | House |
| 20:30 | Build | Farm |
| 20:50 | Build | Farm |
| 20:51 | Build | House |
| 20:52 | Build | Farm |
| 20:58 | Research | Bow Saw |
| 20:59 | Queue | Villager (Male) |
| 21:01 | Queue | Villager (Male) |
| 21:02 | Queue | Villager (Male) |
| 21:06 | Build | Farm |
| 21:21 | Queue | Villager (Male) |
| 21:21 | Queue | Villager (Male) |
| 21:37 | Queue | Villager (Male) |
| 21:37 | Queue | Villager (Male) |
| 21:52 | Build | Lumber Camp |
| 21:55 | Research | Heavy Plow |
| 21:56 | Queue | Villager (Male) |
| 21:56 | Queue | Villager (Male) |
| 22:03 | Build | Farm |
| 22:31 | Queue | Villager (Male) |
| 22:31 | Queue | Villager (Male) |
| 22:31 | Queue | Villager (Male) |
| 22:33 | Research | Wheelbarrow |
| 22:42 | Build | University |
| 22:44 | Build | Farm |
| 22:52 | Queue | Monk |
| 22:57 | Queue | Villager (Male) |
| 22:57 | Queue | Villager (Male) |
| 22:57 | Queue | Villager (Male) |
| 22:57 | Queue | Villager (Male) |
| 23:08 | Queue | Villager (Male) |
| 23:08 | Queue | Villager (Male) |
Match timeline
| 9:47 | Fr4ggi · first_building Barracks |
| 10:32 | Quando · age_up feudal |
| 10:39 | Kordon · age_up feudal |
| 11:16 | Mylo the Bomber · age_up feudal |
| 11:28 | Relief · age_up feudal |
| 11:28 | Quando · first_building Barracks |
| 11:30 | Quando · wall_segment Palisade Wall x1 |
| 11:31 | Fr4ggi · age_up feudal |
| 11:36 | Ahmad Kalashnikov · age_up feudal |
| 12:12 | Fr4ggi · first_building Stable |
| 14:05 | Quando · age_up castle |
| 14:11 | Quando · first_building Monastery |
| 15:01 | Mylo the Bomber · age_up castle |
| 15:10 | Kordon · age_up castle |
| 15:15 | Relief · age_up castle |
| 15:17 | Ahmad Kalashnikov · age_up castle |
| 16:17 | Fr4ggi · age_up castle |
| 17:02 | Ahmad Kalashnikov · first_market_buy 100 stone |
| 17:47 | Kordon · first_building Barracks |
| 17:56 | Kordon · first_building Siege Workshop |
| 18:01 | Ahmad Kalashnikov · first_building Barracks |
| 19:31 | Relief · first_building Castle |
| 19:40 | Mylo the Bomber · first_building Barracks |
| 19:57 | Kordon · first_building Castle |
| 20:07 | Relief · first_building Monastery |
| 21:25 | Mylo the Bomber · first_building Stable |
| 21:33 | Mylo the Bomber · first_market_buy 100 food |
| 22:20 | Mylo the Bomber · first_building Archery Range |
| 24:26 | Mylo the Bomber · first_building Castle |
| 24:42 | Fr4ggi · first_building Siege Workshop |
| 26:06 | Relief · first_building Barracks |
| 26:59 | Mylo the Bomber · first_market_sell 100 wood |
| 27:00 | Ahmad Kalashnikov · first_market_sell 100 stone |
| 27:22 | Relief · first_building Archery Range |
| 27:28 | Ahmad Kalashnikov · first_building Monastery |
| 27:28 | Quando · first_building Castle |
| 28:50 | Quando · age_up imperial |
| 29:09 | Kordon · first_market_buy 100 food |
| 29:10 | Quando · first_market_buy 100 wood |
| 29:22 | Ahmad Kalashnikov · first_building Siege Workshop |
| 29:31 | Relief · age_up imperial |
| 30:28 | Mylo the Bomber · age_up imperial |
| 30:53 | Fr4ggi · age_up imperial |
| 31:16 | Ahmad Kalashnikov · first_building Castle |
| 31:24 | Ahmad Kalashnikov · age_up imperial |
| 31:40 | Kordon · first_market_sell 100 food |
| 32:12 | Quando · first_market_sell 500 food |
| 32:26 | Kordon · age_up imperial |
| 33:25 | Fr4ggi · first_building Castle |
| 36:55 | Relief · first_building Siege Workshop |
| 38:10 | Quando · first_building Siege Workshop |
| 38:36 | Relief · first_building Stable |
| 38:39 | Fr4ggi · first_market_sell 500 wood |
| 39:26 | Quando · first_building Archery Range |
| 46:22 | Relief · first_market_sell 500 wood |
| 50:51 | Mylo the Bomber · first_building Siege Workshop |
| 54:45 | Fr4ggi · first_building Archery Range |
| 56:32 | Kordon · first_building Archery Range |
| 60:05 | Mylo the Bomber · resign |
[ AI ANALYSIS · 1 CREDIT ]
What really happened in this match?
Wolo.gg analyzes every decision: build order, eco, micro, common mistakes by bracket. Personalized analysis on WhatsApp or Discord in 30 seconds.
Civ guide
Dravidians
Perfil
Jugador #2141671